Map: Acropolis LE

Players

LiquidTLO (TLO)

  • Race: Zerg Zerg
  • League: Grandmaster
  • Spawn Location: 11:00

llllllllllll (Stats) - Winner!

  • Race: Protoss Protoss
  • League: Grandmaster
  • Spawn Location: 5:00

Event: HomeStory Cup XIX

VOD

Have the link to the VOD?

Description

Time

  • Played on: June 27, 2019, 12:46 p.m.
  • Length: 6:41

All games in this series

Show
View Real Time Build Order
Export as new Build Order

LiquidTLO Zerg 

Build Orders: 3 Hatch before Pool 

Get SALT Encoding   

  12  0:00  Drone  
  13  0:13  Overlord  
  13  0:17  Drone  
  14  0:31  Drone x2  
  16  0:49  Hatchery  
  15  0:52  Drone  
  15  0:55  Drone  
  17  0:59  Drone  
  18  1:19  Hatchery  
  18  1:23  Drone  
  18  1:32  Extractor  
  18  1:37  Spawning Pool  
  16  1:41  Drone  
  16  1:45  Drone  
  18  1:48  Drone  
  18  1:52  Drone  
  20  2:01  Drone  
  21  2:03  Drone  
  22  2:12  Drone  
  22  2:13  Drone  
  24  2:25  Queen  
  26  2:31  Queen  
  26  2:32  Metabolic Boost  
  26  2:34  Zergling x2  
  26  2:36  Zergling x2  
  30  2:38  Zergling x2  
  30  2:40  Zergling x2  
  32  2:45  Overlord  
  32  2:47  Drone  
  32  2:50  Drone  
  34  2:55  Extractor  
  34  2:57  Spore Crawler  
  32  2:59  Drone  
  32  3:02  Queen  
  32  3:05  Zergling x4  
  38  3:06  Drone  
  38  3:11  Zergling x4  
  41  3:18  Drone  
  42  3:21  Drone  
  41  3:28  Overlord  
  41  3:30  Drone  
  41  3:31  Drone  
  42  3:34  Overlord  
  42  3:35  Overlord  
  42  3:39  Drone, Evolution Chamber  
  42  3:49  Overlord  
  42  3:54  Drone x6  
  42  3:55  Drone  
  49  3:59  Drone  
  49  4:01  Drone  
  51  4:02  Drone  
  51  4:03  Drone  
  51  4:06  Drone  
  53  4:11  Drone x2  
  53  4:12  Drone x2  
  57  4:18  Zerg Melee Weapons Level 1  
  57  4:19  Drone x2  
  57  4:20  Drone  
  57  4:21  Drone  
  57  4:23  Extractor  
  60  4:26  Drone  
  60  4:28  Zergling x4  
  60  4:30  Zergling x2  
  64  4:35  Overlord  
  64  4:40  Zergling x2, Overlord  
  64  4:42  Overlord  
  64  4:43  Overlord  
  64  4:45  Overlord  
  65  4:52  Overlord  
  65  4:53  Zergling x2, Queen  
  65  4:54  Zergling x4  
  65  4:55  Zergling x4  
  65  4:56  Zergling x2  
  65  4:58  Zergling x2  
  65  4:59  Baneling Nest  
  74  5:00  Zergling x2  
  74  5:01  Zergling x2  
  74  5:06  Zergling x2  
  74  5:07  Zergling x2  
  76  5:08  Zergling x2  
  76  5:10  Zergling x2  
  76  5:17  Queen, Overlord  
  76  5:18  Queen  
  76  5:19  Overlord  
  76  5:20  Zergling x2  
  81  5:24  Zergling x2  
  81  5:25  Zergling x4  
  81  5:26  Zergling x4  
  81  5:27  Zergling x4  
  80  5:30  Zergling x2  
  78  5:36  Zergling x2  
  78  5:42  Baneling x9  
  79  5:43  Zergling x4, Queen  
  79  5:47  Zergling x2  
  79  5:49  Zergling x4  
  86  5:52  Zergling x2  
  86  5:55  Zergling x2, Hatchery  
  87  6:01  Zergling x2  
  87  6:02  Zergling x2  
  87  6:03  Zergling x2  
  84  6:04  Zergling x4  
  84  6:07  Zergling x2  
  84  6:09  Zergling x2  
  84  6:10  Zergling x2  
  73  6:13  Zergling x2  
  73  6:14  Baneling  
  73  6:15  Baneling x7  
  73  6:17  Zergling x2  
  73  6:18  Zergling x2  
  73  6:19  Zergling x4  
  73  6:23  Zergling x2  
Show
View Real Time Build Order
Export as new Build Order

llllllllllll Protoss - Winner!

Build Orders: 1 Gate Expand 

Get SALT Encoding   

  12  0:00  Probe  
  13  0:13  Probe  
  14  0:20  Pylon  
  14  0:25  Probe  
  15  0:34  Probe  
  15  0:42  Probe  
  16  0:45  Gateway  
  16  0:47  Assimilator  
  17  0:52  Probe  
  18  1:04  Probe  
  19  1:16  Probe  
  20  1:23  Nexus  
  20  1:32  Cybernetics Core  
  20  1:34  Probe  
  21  1:40  Assimilator  
  21  1:46  Probe  
  22  1:49  Pylon  
  22  1:59  Probe, Adept  
  23  2:11  Probe  
  23  2:12  Robotics Facility  
  26  2:19  Adept, Warp Gate  
  26  2:23  Probe  
  29  2:31  Probe  
  29  2:35  Probe  
  31  2:39  Probe  
  32  2:48  Probe  
  32  2:49  Stalker  
  35  2:53  Warp Prism  
  35  2:55  Probe  
  36  3:00  Probe  
  39  3:06  Pylon  
  39  3:08  Probe  
  39  3:12  Probe  
  43  3:20  Sentry  
  43  3:23  Immortal  
  43  3:29  Probe x2  
  45  3:36  Gateway  
  45  3:41  Probe x2  
  45  3:44  Gateway  
  45  3:46  Pylon  
  47  3:51  Assimilator  
  47  3:54  Probe x2  
  49  3:56  Immortal  
  49  4:06  Probe x2  
  55  4:10  Gateway  
  55  4:16  Sentry  
  57  4:19  Probe  
  58  4:24  Pylon  
  58  4:27  Immortal  
  58  4:29  Pylon  
  58  4:35  Gateway  
  62  4:41  Gateway  
  62  4:45  Sentry x2  
  66  4:49  Assimilator  
  66  4:50  Adept  
  68  4:56  Gateway  
  68  4:58  Pylon  
  68  5:00  Observer, Probe x2  
  68  5:06  Pylon  
  71  5:20  Zealot  
  71  5:21  Zealot x3  
  79  5:39  Forge  
  79  5:40  Twilight Council  
  79  5:42  Stalker x3  
  81  5:43  Stalker  
  81  5:49  Zealot x2  
  91  5:52  Zealot  
  93  6:00  Pylon  
  81  6:13  Sentry x4  
  81  6:14  Sentry, Zealot  
  93  6:19  Zealot  
Tags
 
Add a new tag
Caveats
  • Supply blocks, unpowered buildings, or Contaminate may cause inaccurate times.
  • Supply counts are checked every 10 seconds.